Map: Capullo de rosa EE

Players

MrFercho - Winner!

  • Race: Zerg Zerg
  • League: Silver
  • Spawn Location: 11:00

tigro - Winner!

  • Race: Terran Terran
  • League: Bronze
  • Spawn Location: 11:00

TATORREA - Winner!

  • Race: Protoss Protoss
  • League: Silver
  • Spawn Location: 11:00

mkshotya

  • Race: Terran Terran
  • Spawn Location: 5:00

ButterMthree

  • Race: Protoss Protoss
  • Spawn Location: 5:00

luismurillo

  • Race: Zerg Zerg
  • Spawn Location: 5:00

VOD

Have the link to the VOD?

Description

Time

  • Played on: May 28, 2020, 9:14 p.m.
  • Length: 12:37
Show
View Real Time Build Order
Export as new Build Order

MrFercho Zerg - Winner!

Build Orders: Hatch First 

Get SALT Encoding   

  12  0:01  Drone  
  13  0:12  Drone  
  14  0:18  Extractor  
  14  0:19  Extractor  
  12  0:22  Drone  
  12  0:24  Drone  
  16  0:52  Hatchery  
  15  1:02  Extractor  
  14  1:07  Extractor, Drone  
  14  1:12  Overlord x2  
  14  1:32  Drone x2  
  16  1:38  Spawning Pool  
  15  1:44  Drone  
  16  1:58  Drone  
  17  2:11  Drone  
  17  2:13  Overlord  
  18  2:18  Drone x2  
  20  2:27  Drone x2  
  20  2:28  Queen  
  24  2:36  Metabolic Boost  
  24  2:41  Drone  
  24  2:43  Drone  
  26  2:50  Drone  
  27  2:59  Overlord  
  27  3:12  Hatchery  
  26  3:13  Drone  
  26  3:16  Drone  
  26  3:17  Drone x2  
  30  3:39  Drone x5  
  30  3:41  Drone x2  
  37  3:50  Extractor, Queen  
  37  3:54  Overlord  
  37  3:55  Extractor, Overlord  
  37  4:00  Evolution Chamber  
  36  4:19  Drone x4  
  36  4:20  Drone  
  41  4:25  Pneumatized Carapace  
  41  4:27  Lair  
  41  5:00  Zergling x2  
  41  5:01  Zergling x22  
  53  5:22  Zerg Melee Weapons Level 1  
  41  6:40  Drone x6  
  41  6:45  Drone  
  41  6:46  Drone x5  
  53  6:53  Hydralisk Den  
  52  7:01  Spire  
  51  7:05  Lair  
  51  7:11  Infestation Pit  
  50  7:45  Hydralisk  
  50  7:46  Hydralisk x11  
  50  7:49  Overlord  
  50  7:50  Overlord  
  74  7:53  Grooved Spines  
  74  7:54  Zerg Missile Weapons Level 1  
  74  8:00  Hive  
  74  8:10  Overlord x2  
  74  9:05  Muscular Augments  
  52  10:04  Mutalisk  
  52  10:05  Mutalisk x11  
  74  10:17  Zerg Flyer Weapons Level 1  
  74  10:19  Zerg Missile Weapons Level 2  
  74  10:49  Hatchery  
  73  10:51  Extractor  
  73  10:56  Extractor  
Show
View Real Time Build Order
Export as new Build Order

tigro Terran - Winner!

Build Orders:  

Get SALT Encoding   

  12  0:03  SCV  
  13  0:15  SCV  
  14  0:26  Supply Depot  
  14  0:27  SCV  
  15  0:39  Refinery  
  15  0:48  SCV  
  16  0:56  Barracks  
  16  1:00  SCV  
  17  1:12  SCV  
  17  1:15  Refinery  
  18  1:24  Supply Depot, SCV  
  19  1:36  SCV  
  20  1:45  Marine  
  21  1:48  SCV  
  22  2:00  SCV  
  23  2:03  Marine  
  24  2:12  SCV  
  25  2:17  Barracks  
  25  2:21  Marine  
  26  2:27  Orbital Command  
  26  2:39  Marine  
  27  2:44  Engineering Bay  
  27  2:57  Marine  
  28  4:55  Factory  
  28  6:23  Factory Tech Lab  
  28  6:31  Starport  
  28  7:19  Cyclone  
  31  7:29  Marine x2  
  33  7:46  Marine  
  33  7:47  Marine  
  35  7:51  Siege Tank  
  38  8:04  Marine  
  39  9:13  Starport Reactor  
  39  9:18  Starport  
  39  9:49  Marine x2  
  38  9:53  Siege Tank  
  28  10:07  Marine x2  
  30  10:24  Viking, Marine  
  30  10:26  Siege Tank  
  30  10:27  Viking  
Show
View Real Time Build Order
Export as new Build Order

TATORREA Protoss - Winner!

Build Orders: Chargelot Immortal 

Get SALT Encoding   

  12  0:07  Probe  
  13  0:22  Probe  
  13  0:23  Pylon  
  14  0:34  Probe  
  15  0:47  Gateway  
  15  0:49  Probe  
  16  0:51  Assimilator  
  16  1:01  Probe  
  17  1:12  Gateway  
  17  1:13  Probe  
  18  1:20  Assimilator  
  18  1:25  Probe  
  19  1:35  Pylon  
  19  1:42  Cybernetics Core  
  19  1:50  Gateway  
  19  1:55  Pylon, Probe  
  20  2:07  Probe, Zealot  
  23  2:16  Forge  
  23  2:19  Probe  
  24  2:32  Warp Gate  
  24  2:58  Pylon  
  24  3:02  Zealot  
  24  3:04  Nexus  
  26  3:15  Protoss Ground Weapons Level 1  
  26  3:16  Probe  
  27  3:27  Pylon  
  27  3:33  Probe  
  28  3:39  Pylon  
  28  3:43  Pylon  
  28  3:50  Zealot  
  28  3:51  Zealot  
  32  4:11  Stargate  
  32  4:13  Stargate  
  32  4:17  Robotics Facility  
  32  4:19  Robotics Facility  
  33  4:24  Probe  
  33  4:27  Probe  
  34  4:32  Twilight Council  
  34  4:34  Zealot  
  34  4:35  Zealot  
  38  4:41  Probe x2  
  38  4:42  Gateway  
  38  4:45  Gateway  
  40  4:47  Gateway  
  40  4:51  Protoss Air Weapons Level 1  
  40  4:53  Probe x2  
  40  4:57  Oracle x2  
  42  5:05  Probe x2  
  50  5:10  Zealot x2  
  50  5:11  Charge (Chrono Boost)  
  54  5:25  Observer  
  54  5:26  Immortal  
  59  5:43  Zealot x2  
  59  5:44  Zealot x2  
  59  5:45  Zealot  
  69  6:00  Immortal  
  69  6:03  Probe x2  
  75  6:15  Probe x2  
  77  6:27  Probe x2  
  79  6:40  Zealot  
  79  6:41  Zealot x2  
  85  6:55  Pylon  
  85  7:03  Pylon  
  85  7:07  Pylon  
  85  7:09  Probe  
  85  7:11  Pylon  
  85  7:12  Void Ray  
  85  7:13  Probe  
  85  7:14  Pylon  
  91  7:17  Pylon  
  91  7:20  Pylon  
  91  7:21  Void Ray, Probe  
  96  7:25  Probe  
  96  7:26  Pylon  
  97  7:33  Probe  
  97  7:34  Gateway  
  97  7:36  Gateway  
  95  7:37  Probe  
  95  7:42  Gateway  
  96  7:46  Gateway  
  96  7:48  Observer  
  96  7:50  Assimilator  
  96  7:54  Assimilator  
  96  8:26  Zealot x2  
  96  8:27  Zealot x3  
  106  9:08  Void Ray x2  
  114  9:11  Immortal x2  
  72  10:45  Zealot x3  
  72  10:46  Zealot x3  
  72  10:48  Zealot  
  72  10:49  Zealot x2  
  90  10:52  Void Ray x2  
  90  10:56  Immortal x2  
  106  11:22  Zealot x2  
  106  11:23  Zealot x3  
  106  11:24  Zealot x3  
  122  11:26  Zealot  
  124  11:35  Void Ray x2, Immortal x2  
Show
View Real Time Build Order
Export as new Build Order

mkshotya Terran 

Build Orders:  

Get SALT Encoding   

  12  0:03  SCV  
  13  0:17  Supply Depot  
  13  0:19  SCV  
  14  0:31  SCV  
  15  0:43  Barracks  
  15  0:44  SCV  
  16  1:00  SCV  
  17  1:08  Refinery  
  17  1:12  Supply Depot, SCV  
  18  1:24  SCV  
  19  1:36  Bunker, SCV  
  20  1:46  Supply Depot  
  20  1:48  Marine  
  20  1:49  SCV  
  22  1:57  Barracks  
  22  2:01  SCV  
  23  2:05  Marine  
  24  2:13  SCV  
  25  2:25  SCV  
  26  2:40  Barracks Reactor  
  26  2:48  Marine  
  27  2:54  Refinery, SCV  
  28  3:00  Supply Depot  
  28  3:05  Marine  
  28  3:06  SCV  
  30  3:18  SCV  
  31  3:23  Marine  
  32  3:29  Factory  
  32  3:32  Supply Depot  
  32  3:39  SCV  
  33  3:41  Reaper  
  34  4:07  SCV  
  34  4:09  Supply Depot  
  35  4:40  Factory, Factory Tech Lab  
  35  4:45  Supply Depot  
  35  4:49  Marine x2  
  37  5:06  Marine  
  37  5:07  Marine  
  38  5:11  Command Center  
  39  5:20  Barracks Reactor  
  39  5:24  Marine x2  
  39  5:26  Refinery, Siege Tank  
  44  5:28  Factory Tech Lab  
  44  5:42  Marine x2  
  46  5:48  SCV  
  46  5:49  Supply Depot  
  47  5:58  Siege Tank  
  47  6:00  Marine x2, SCV  
  53  6:18  Marine x2  
  55  6:30  Cyclone  
  58  7:02  Cyclone  
  61  7:23  Bunker  
  61  7:24  SCV  
  61  7:28  Marine x2  
  64  7:36  SCV  
  65  7:46  Marine x2  
  65  7:49  Cyclone, SCV  
  65  7:50  Cyclone  
  74  7:56  Supply Depot  
  74  8:01  SCV  
  74  8:04  Marine x2  
  77  8:13  SCV  
  78  8:21  Marine, Engineering Bay, Cyclone  
  78  8:22  Cyclone  
  78  8:26  Orbital Command  
  85  8:29  Orbital Command  
  41  10:44  Marine x2  
  43  11:02  Marine x2  
  45  11:19  Marine  
  45  11:20  Marine  
  47  11:37  Marine x2  
Show
View Real Time Build Order
Export as new Build Order

ButterMthree Protoss 

Build Orders: Dark Templar Rush 

Get SALT Encoding   

  12  0:01  Probe  
  13  0:13  Probe  
  14  0:19  Pylon  
  14  0:25  Probe (Chrono Boost)  
  15  0:38  Probe (Chrono Boost)  
  16  0:44  Gateway  
  16  0:47  Assimilator  
  16  0:51  Probe  
  17  1:03  Probe (Chrono Boost)  
  18  1:15  Probe (Chrono Boost)  
  19  1:22  Probe (Chrono Boost)  
  20  1:32  Cybernetics Core  
  20  1:35  Zealot  
  20  1:38  Gateway  
  22  1:40  Probe  
  22  1:45  Assimilator  
  23  1:51  Pylon  
  23  2:01  Pylon  
  23  2:09  Probe (Chrono Boost)  
  24  2:17  Warp Gate  
  24  2:21  Probe (Chrono Boost)  
  25  2:29  Twilight Council  
  26  2:30  Probe (Chrono Boost)  
  26  2:32  Gateway  
  26  2:35  Stalker  
  28  2:44  Probe  
  29  2:50  Pylon  
  29  2:56  Probe  
  30  3:06  Stalker  
  32  3:23  Zealot  
  34  3:30  Probe  
  34  3:34  Pylon  
  35  3:38  Dark Shrine  
  35  3:53  Nexus  
  35  4:05  Pylon  
  35  4:12  Pylon  
  35  4:18  Assimilator  
  35  4:19  Probe (Chrono Boost)  
  35  4:22  Assimilator  
  36  4:30  Probe (Chrono Boost)  
  37  4:32  Charge  
  37  4:35  Probe (Chrono Boost), Zealot  
  37  4:38  Stalker  
  42  4:39  Sentry  
  44  4:46  Probe  
  45  4:58  Probe  
  46  5:02  Dark Templar  
  46  5:04  Dark Templar  
  50  5:10  Probe  
  51  5:19  Probe  
  52  5:27  Stalker  
  54  5:32  Probe x2 (Chrono Boost)  
  56  5:40  Gateway  
  56  5:41  Gateway  
  56  5:44  Probe (Chrono Boost)  
  56  5:45  Probe (Chrono Boost)  
  58  5:53  Probe (Chrono Boost)  
  58  5:54  Probe (Chrono Boost)  
  58  5:56  Forge  
  60  5:59  Probe (Chrono Boost)  
  61  6:04  Pylon  
  61  6:10  Probe  
  62  6:17  Stalker x3  
  60  6:22  Probe  
  55  6:35  Blink  
  55  6:50  Gateway  
  55  6:51  Gateway  
  55  6:56  Gateway  
  55  7:13  Stalker x2  
  55  7:14  Stalker  
  55  7:15  Dark Templar  
  63  7:17  Dark Templar  
  65  7:37  Stalker x2  
  67  7:42  Probe  
  70  7:54  Probe  
  71  8:23  Probe (Chrono Boost)  
  72  8:33  Probe (Chrono Boost)  
  73  8:38  Probe (Chrono Boost)  
  50  8:49  Probe  
  51  9:01  Probe (Chrono Boost)  
  53  9:04  Probe (Chrono Boost)  
  54  9:11  Probe (Chrono Boost)  
  54  9:14  Probe (Chrono Boost)  
  54  9:16  Probe (Chrono Boost)  
  55  9:24  Probe  
  57  9:26  Photon Cannon  
  57  9:27  Probe  
  57  9:28  Zealot  
  57  9:29  Zealot x2  
  57  9:30  Zealot  
  62  9:31  Stalker  
  62  9:32  Stalker  
  62  9:36  Probe  
  61  9:39  Probe  
  62  9:48  Probe  
Show
View Real Time Build Order
Export as new Build Order

luismurillo Zerg 

Build Orders: Hatch First 

Get SALT Encoding   

  12  0:03  Drone  
  13  0:19  Drone  
  14  0:45  Hatchery  
  14  0:50  Drone  
  14  0:52  Overlord  
  14  1:11  Drone x2  
  16  1:20  Drone  
  17  1:25  Spawning Pool  
  16  1:37  Drone x2  
  18  1:46  Evolution Chamber  
  17  1:51  Evolution Chamber  
  16  1:57  Drone  
  16  2:00  Drone x2  
  19  2:16  Drone  
  19  2:21  Drone x2  
  22  2:32  Extractor  
  22  2:35  Extractor  
  22  2:36  Drone  
  22  2:44  Drone x3  
  24  2:59  Drone x3  
  27  3:07  Overlord x2  
  27  3:27  Drone x2  
  27  3:29  Metabolic Boost  
  29  3:36  Zerg Melee Weapons Level 1  
  29  3:45  Zergling x4  
  31  3:48  Drone x2  
  31  3:49  Drone  
  34  4:05  Hatchery  
  33  4:39  Hatchery, Drone x3  
  35  4:47  Hatchery  
  34  5:03  Hatchery  
  34  5:07  Drone x3  
  34  5:08  Lair  
  34  5:12  Zerg Missile Weapons Level 1  
  36  5:28  Drone  
  37  5:30  Zerg Ground Armor Level 1  
  37  5:41  Zergling x6  
  37  5:42  Zergling x6  
  43  5:53  Zergling x4  
  43  5:54  Zergling x2  
  42  6:16  Zergling x12  
  42  6:17  Zergling x6  
  34  6:48  Drone  
  34  6:49  Drone x2  
  34  6:52  Zergling x4  
  34  6:53  Zergling x14  
  34  6:54  Zergling x6  
  48  6:57  Zergling x6  
  52  7:06  Zerg Melee Weapons Level 2  
  52  7:13  Infestation Pit  
  52  7:15  Drone  
  52  7:19  Zergling x8  
  52  7:20  Zergling x12  
  62  7:36  Overseer  
  62  7:49  Zergling x2  
  62  7:50  Zergling x8  
  67  7:59  Overlord x6  
  67  8:05  Hive  
  67  8:08  Overlord x3  
  67  8:13  Zerg Missile Weapons Level 2  
  67  8:22  Zergling x8  
  67  8:23  Zergling x14  
  67  8:25  Zergling x2  
  79  8:44  Burrow  
  79  8:51  Zergling x10  
  79  8:52  Zergling x10  
  89  8:56  Zergling x2  
  89  8:57  Zergling x2  
  91  9:03  Drone x3  
  94  9:22  Zerg Ground Armor Level 2  
  44  10:15  Zergling x12  
  44  10:16  Zergling x12  
  44  10:17  Zergling x6  
  43  11:18  Spore Crawler  
  43  11:22  Spore Crawler  
Tags
 
Add a new tag
Caveats
  • Supply blocks, unpowered buildings, or Contaminate may cause inaccurate times.
  • Supply counts are checked every 10 seconds.